 Dungeon Crawl Stone Soup version 0.30-a0-739-gea05faddec (webtiles) character file.

Game seed: 2818587788726995840

5137 cforsyth the Destroyer (level 10, -6/50 HPs)
             Began as a Tengu Fire Elementalist on Feb 4, 2023.
             Mangled by a troll (12 damage)
             ... on level 8 of the Dungeon.
             The game lasted 00:16:24 (10419 turns).

cforsyth the Destroyer (Tengu Fire Elementalist)   Turns: 10419, Time: 00:16:25

Health: -6/50      AC:  6    Str:  9    XL:     10   Next: 58%
Magic:  22/23      EV: 15    Int: 19    God:
Gold:   330        SH:  0    Dex: 20    Spells: 22/25 levels left

rFire   . . .      SeeInvis .    (no weapon)
rCold   + . .      Faith    .    (no shield)
rNeg    . . .      Spirit   .    r - +2 robe "Feor Sauron" {rPois rC+ Dex+5}
rPois   +          Reflect  .    c - +0 hat
rElec   .          Harm     .    h - +0 cloak
rCorr   +          Rampage  .    A - +0 pair of gloves
Will    .....                    (boots unavailable)
Stlth   +                        y - amulet of magic regeneration
HPRegen 0.28/turn                q - ring of resist corrosion
MPRegen 0.58/turn                (no ring)

@: confused, lethally poisoned (-6 -> -13), flying quickly and evasively, quick
A: beak, talons 3, nimble flight
a: no special abilities


You were on level 8 of the Dungeon.
You visited 1 branch of the dungeon, and saw 8 of its levels.

You collected 435 gold pieces.
You spent 105 gold pieces at shops.

Inventory:

Missiles
 g - a throwing net
Armour
 c - a +0 hat (worn)
 h - a +0 cloak (worn)
 r - the +2 robe "Feor Sauron" (worn) {rPois rC+ Dex+5}
   (You took it off an orc on level 5 of the Dungeon)

   Dex:       It affects your dexterity (+5).
   rC:        It protects you from cold.
   rPois:     It protects you from poison.
 A - a +0 pair of gloves (worn)
Jewellery
 q - a ring of resist corrosion (left hand)
 y - an amulet of magic regeneration (around neck)
 z - a ring of ice
 B - a ring of wizardry
Wands
 o - a wand of light (10)
 C - a wand of flame (12)
 D - a wand of charming (8)
Scrolls
 a - a scroll of poison {unknown}
 d - a scroll of brand weapon {unknown}
 e - a scroll of vulnerability {unknown}
 m - a scroll of summoning {unknown}
 n - a scroll of amnesia {unknown}
 s - 2 scrolls of magic mapping
 t - 2 scrolls of immolation {unknown}
 v - a scroll of enchant armour {unknown}
 w - a scroll of blinking {unknown}
 x - a scroll of fog {unknown}
 F - 2 scrolls of teleportation
Potions
 b - a potion of magic
 f - 2 potions of mutation
 i - 7 potions of curing
 j - 2 potions of haste
 k - 2 potions of lignification
 l - 4 potions of might
 p - 4 potions of resistance
 u - 2 potions of cancellation


   Skills:
 - Level 2.1 Dodging
 - Level 2.0 Stealth
 + Level 8.4 Spellcasting
 + Level 11.6 Conjurations
 + Level 10.3 Fire Magic


You had 22 spell levels left.
You knew the following spells:

 Your Spells              Type           Power      Damage    Failure   Level
a - Foxfire               Conj/Fire      100%       2x1d9     1%          1
b - Scorch                Fire           94%        2d9       1%          2

Your spell library contained the following spells:

 Spells                   Type           Power      Damage    Failure   Level
 Flame Wave               Conj/Fire      49%        2d12      1%          4
 Inner Flame              Hex/Fire       27%        N/A       3%          3
 Kindle Blastsparks       Fire/Tloc/Air  42%        2d13      6%          3
 Apportation              Tloc           14%        N/A       9%          1
 Necrotise                Necr           28%        1d5       9%          1
 Summon Small Mammal      Summ           28%        N/A       9%          1
 Call Canine Familiar     Summ           7%         N/A       26%         3
 Portal Projectile        Hex/Tloc       14%        N/A       26%         3
 Leda's Liquefaction      Hex/Erth       3%         N/A       65%         4


Dungeon Overview and Level Annotations

Branches:
Dungeon (8/15)             Temple (0/1) D:7
   Lair: D:8-11

Altars:
Cheibriados
Ru
Vehumet
Zin

Shops:
D:2 (   D:6 *:[   D:7 *


Innate Abilities, Weirdness & Mutations

You have a beak for a mouth.
You have claws for feet.
Your magical nature lets you fly swiftly and evasively.


Message History

A troll and an orc wizard come into view.
The orc wizard is wielding a +1 dagger of venom.
Found a snail-covered altar of Cheibriados.
The orc wizard mumbles some strange words.
The orc wizard flickers and vanishes!
Deactivating autopickup; reactivate with Ctrl-A.
The orc wizard shouts!
The troll shouts!
You conjure some foxfire!
The orc wizard casts a spell at you.
The puff of flame hits something.
You conjure some foxfire!
The foxfire hits something.
The foxfire hits something but does no damage.
You hear some strange, mumbled words.
Something tries to affect you, but you resist.
You conjure some foxfire!
The foxfire hits something.
Something hits you.
Nothing appears to happen.
The foxfire hits something.
The foxfire hits something but does no damage.
The foxfire hits something.
The orc wizard misses you. Something hits you.
You conjure some foxfire!
You hear some strange, mumbled words.
You are confused.
The orc wizard hits you but does no damage.
You are poisoned.
You're too confused to cast spells.
You're too confused to move!
You feel sick.
The foxfire hits something.
Reactivating autopickup.
You feel a bit more experienced.
The foxfire hits the orc wizard.
The orc wizard is moderately wounded.
The orc wizard hits you with a +1 dagger of venom.
You are more poisoned.
You're too confused to cast spells.
You feel sick. The troll bites you. The troll claws you! x2
The orc wizard casts a spell at you. The magic dart hits you!
* * * LOW HITPOINT WARNING * * *
You're too confused to move!
* * * LOW HITPOINT WARNING * * *
You feel very sick. The troll bites you!
You die...

#####
###########...#
#.............#
#...8####8.^..#
##...'....'....#
#....8#..#8....#
#..####§§####..#
#..#⌠.#@.#T⌠#..#
#..#..#oT#o.#..#
#..#§v#..#_{#..#
#..#..#..#..#..#
#..##!..)..##..#
#...########...#
#..............#
#..............#
#####.......####


You could see a troll and an orc wizard.

Vanquished Creatures
  A centaur warrior (D:6)
  A two-headed ogre (D:6)
  Grinder (D:4)
  2 hornets (D:7)
  A wyvern (D:7)
  A steam dragon (D:6)
  A yak (D:7)
  Menkaure (D:4)
  A sky beast (D:8)
  An ice beast (D:7)
  2 ogres
  3 centaurs
  2 phantoms
  A kobold brigand (D:6)
  3 bullfrogs
  5 scorpions
  4 wights (D:7)
  2 killer bees
  3 howler monkeys
  6 hounds
  3 jellies
  2 orc priests
  2 gnoll boudas (D:7)
  Ijyb (D:3)
  6 iguanas
  7 orc wizards
  6 adders
  16 gnolls
  6 shadow imps
  4 white imps (D:7)
  3 worms
  2 dart slugs
  24 orcs
  5 endoplasms
  6 giant cockroaches
  10 goblins
  6 hobgoblins
  3 jackals (D:4)
  4 quokkas
  8 ball pythons
  5 bats
  2 frilled lizards
  15 kobolds
  5 rats
193 creatures vanquished.

Vanquished Creatures (others)
  923 foxfires
923 creatures vanquished.

Grand Total: 1116 creatures vanquished

Notes
Turn   | Place    | Note
-------+----------+-------------------------------------------
     0 | D:1      | cforsyth the Tengu Fire Elementalist began the quest for
                  | the Orb.
     0 | D:1      | Reached XP level 1. HP: 10/10 MP: 4/4
   197 | D:1      | Reached XP level 2. HP: 14/15 MP: 0/6
   258 | D:1      | Reached skill level 2 in Conjurations
   861 | D:1      | Reached XP level 3. HP: 19/19 MP: 5/7
  1520 | D:2      | Reached XP level 4. HP: 12/24 MP: 3/9
  1522 | D:2      | Reached skill level 3 in Conjurations
  1742 | D:2      | Found Enwes's Antique Weapon Shoppe.
  2395 | D:3      | Found a sacrificial altar of Ru.
  2460 | D:3      | Noticed Ijyb
  2483 | D:3      | Killed Ijyb
  3018 | D:3      | Gained mutation: Your magical nature lets you fly swiftly
                  | and evasively. [Tengu growth]
  3018 | D:3      | Reached XP level 5. HP: 28/28 MP: 5/10
  3381 | D:3      | Reached skill level 4 in Conjurations
  4184 | D:4      | Reached skill level 5 in Fire Magic
  4184 | D:4      | Reached XP level 6. HP: 32/32 MP: 2/12
  4458 | D:4      | Reached skill level 5 in Conjurations
  4530 | D:4      | Learned a level 2 spell: Scorch
  4731 | D:4      | Reached XP level 7. HP: 25/36 MP: 6/14
  5069 | D:4      | Noticed Menkaure
  5073 | D:4      | Killed Menkaure
  5074 | D:4      | Reached skill level 6 in Conjurations
  5324 | D:4      | Noticed Grinder
  5337 | D:4      | Killed Grinder
  5338 | D:4      | Reached skill level 5 in Spellcasting
  5338 | D:4      | Reached XP level 8. HP: 41/41 MP: 10/16
  5593 | D:5      | Entered Level 5 of the Dungeon
  5609 | D:5      | Reached skill level 7 in Conjurations
  5782 | D:5      | Identified the +2 robe "Feor Sauron" {rPois rC+ Dex+5}
  6205 | D:6      | Found Reergh's Armour Emporium.
  6438 | D:6      | Found Jemnuoni's Book Shoppe.
  6556 | D:6      | Found Nycisch's General Store.
  6562 | D:6      | Bought a scroll of magic mapping for 105 gold pieces
  6621 | D:6      | Reached skill level 8 in Conjurations
  7151 | D:6      | Reached XP level 9. HP: 44/45 MP: 16/19
  7411 | D:7      | Noticed a centaur warrior
  7418 | D:7      | Noticed a hornet
  7430 | D:7      | Noticed a two-headed ogre
  8031 | D:6      | HP: 1/45 [centaur warrior (3)]
  8037 | D:6      | Killed a centaur warrior
  8038 | D:6      | Reached skill level 9 in Conjurations
  8375 | D:7      | Reached skill level 10 in Conjurations
  8511 | D:6      | Killed a two-headed ogre
  8512 | D:6      | Reached XP level 10. HP: 18/50 MP: 11/22
  9128 | D:7      | Reached skill level 11 in Conjurations
  9394 | D:7      | Found a glowing silver altar of Zin.
  9395 | D:7      | Found Zin's Purification Station.
  9442 | D:7      | Found a staircase to the Ecumenical Temple.
  9535 | D:7      | Reached skill level 10 in Fire Magic
 10179 | D:8      | Found a large runed translucent door.
 10180 | D:8      | Found a large runed translucent door.
 10395 | D:8      | Found a radiant altar of Vehumet.
 10407 | D:8      | Found a snail-covered altar of Cheibriados.
 10419 | D:8      | Mangled by a troll

Illustrated notes

Levels and vault maps discovered:
D:1:      dpeg_arrival_prison, layout_loops_ring, nicolae_figureground_pulse
D:2:      layout_rooms, serial_glass, glass_columns_b, glass_columns_b,
          serial_shops, nicolae_shop_trees, minmay_misc_feat_five,
          supply_closet_lemuel, corexii_corridor_pit, hangedman_decor_push,
          minmay_tetromino_s4
D:3:      layout_loops_corners, mainiacjoe_overflow_alcove_2, uniq_ijyb
D:4:      layout_loops_ring, uniq_grinder, uniq_menkaure
D:5:      layout_basic, chequers_serial_rivers_micro_d
D:6:      layout_layer_cave, serial_shops, shop, shop, kennysheep_little_box
D:7:      nzn_winding_woodlands_medium [nzn_winding_woodlands_5x5_cross,
          nzn_winding_woodlands_5x15_split_checker,
          nzn_winding_woodlands_5x5_perimeter,
          nzn_winding_woodlands_5x5_open_star,
          nzn_winding_woodlands_center_pierced_h,
          nzn_winding_woodlands_5x5_closed_star,
          nzn_winding_woodlands_5x5_checkerboard,
          nzn_winding_woodlands_5x15_twine, nzn_winding_woodlands_5x5_default],
          layout_rooms, zin_purify, minmay_temple_entry_overgrown
D:8:      layout_rooms, jmf_multi_god_temple2

Skill      XL: |  1  2  3  4  5  6  7  8  9 10 |
---------------+-------------------------------+-----
Conjurations   | 2 3 4 5 6 8 10 11 | 11.6
Fire Magic     | 4 5 6 7 9 10 | 10.3
Spellcasting   | 3 4 5 6 7 8 |  8.4
Dodging        | |  2.1
Stealth        | |  2.0

Action                     |  1- 3 |  4- 6 |  7- 9 | 10-12 || total
---------------------------+-------+-------+-------+-------++-------
  Melee: Unarmed           |     8 |    10 |     2 |     1 ||    21
         Kick              |     2 |     1 |     1 |     1 ||     5
         Peck              |     2 |     4 |     1 |       ||     7
   Cast: Foxfire           |    74 |   147 |   223 |    92 ||   536
         Scorch            |       |       |    41 |    29 ||    70
    Use: Scroll            |       |     3 |     4 |     3 ||    10
         Potion            |       |     1 |     2 |       ||     3
 Armour: Robe              |    15 |     7 |    26 |    10 ||    58
  Dodge: Dodged            |    37 |    16 |    66 |    31 ||   150

Table legend: (Time is in decaauts)
 A = Elapsed time spent in this place.
 B = Non-inter-level travel time spent in this place.
 C = Inter-level travel time spent in this place.
 D = Time resting spent in this place.
 E = Time spent auto-exploring this place.
 F = Levels seen in this place.
 G = Mean time per level.
                   A        B        C        D        E       F      G
               +--------+--------+--------+--------+--------+-----+--------+
         Total |  10041 |   9762 |    279 |   2158 |   6087 |   8 | 1255.1 |
       Dungeon |  10041 |   9762 |    279 |   2158 |   6087 |   8 | 1255.1 |
               +--------+--------+--------+--------+--------+-----+--------+

Top non-repeatable levels by time:
     D:6: 2504 daAuts
     D:3: 1753 daAuts
     D:1: 1397 daAuts
     D:4: 1367 daAuts
     D:2: 948 daAuts
     D:7: 858 daAuts
     D:5: 636 daAuts
     D:8: 574 daAuts
